 Dungeon Crawl Stone Soup version 0.22-a0-799-g88f5e90 (webtiles) character file.

8808 riteheju the Spear-Bearer (level 11, 0/81 HPs)
             Began as a Demonspawn Gladiator on July 21, 2018.
             Slain by a brown very ugly thing (5 damage)
             ... on level 1 of the Abyss.
             The game lasted 00:44:36 (11977 turns).

riteheju the Spear-Bearer (Demonspawn Gladiator)   Turns: 11977, Time: 00:44:36

Health: 0/81       AC: 13    Str: 18    XL:     11   Next: 14%
Magic:  0/11       EV:  9    Int: 12    God:
Gold:   643        SH:  6    Dex: 14    Spells: 10/10 levels left

rFire    + . .     SeeInvis .   x - +1 trident (venom)
rCold    . . .     Gourm    .   J - +2 buckler
rNeg     . . .     Faith    .   L - +1 chain mail {rF+}
rPois    .         Spirit   +   (helmet restricted)
rElec    .         Reflect  .   u - scarf {Spirit}
rCorr    .         Harm     .   (no gloves)
MR       .....                  i - +0 pair of boots
Stlth    ..........             (no amulet)
HPRegen  0.23/turn              w - ring of wizardry
MPRegen  0.12/turn              B - +2 ring of intelligence

@: about to teleport, very slightly contaminated, drained, invisible
A: horns 1, molten scales 1, demonic guardian 1, spiny 3
a: no special abilities


You were on level 1 of the Abyss.
You were not hungry.

You visited 2 branches of the dungeon, and saw 11 of its levels.
You visited the Abyss 1 time.

You collected 643 gold pieces.

Inventory:

Hand Weapons
 t - a -2 halberd
 x - a +1 trident of venom (weapon)
 y - a +1 dire flail of crushing
Missiles
 d - 4 throwing nets (quivered)
Armour
 b - a +0 leather armour
 c - a +0 helmet
 i - a +0 pair of boots (worn)
 n - a +0 ring mail
 o - a +0 plate armour
 p - a +3 leather armour of fire resistance
 u - a scarf of spirit shield (worn)
 J - a +2 buckler (worn)
 L - a +1 chain mail of fire resistance (worn)
Jewellery
 w - a ring of wizardry (left hand)
 B - a +2 ring of intelligence (right hand)
 H - an uncursed ring of ice
 M - a +2 ring of protection {unknown}
Wands
 g - a wand of clouds (5)
 E - a wand of flame (42)
 N - a wand of random effects (19)
 P - a wand of digging (10)
Scrolls
 h - 3 scrolls of enchant weapon
 k - 6 scrolls of remove curse
 l - a scroll of brand weapon {unknown}
 m - 2 scrolls of amnesia
 q - a scroll of teleportation
 r - 2 scrolls of fear {unknown}
 v - 6 scrolls of identify
 C - a scroll of enchant armour {unknown}
 D - 4 scrolls of magic mapping
 G - 3 scrolls of fog
 K - a scroll of immolation {unknown}
Potions
 a - 2 potions of mutation
 z - a potion of berserk rage
 A - 2 potions of haste
 F - a potion of agility
Comestibles
 f - 23 rations


   Skills:
 + Level 5.8(5.3) Fighting
 * Level 12.3(11.8) Polearms
 - Level 1.7(1.3) Throwing
 + Level 3.3(2.9) Armour
 * Level 6.7(6.3) Dodging
 - Level 5.1(4.7) Stealth
 + Level 1.1(0.7) Shields


You had 10 spell levels left.
You didn't know any spells.
Your spell library contained the following spells:

 Spells                   Type           Power        Failure   Level  Hunger
 Throw Frost              Conj/Ice       #.....       98%         2    ###....
 Freeze                   Ice            #...         92%         1    ##.....
 Summon Ice Beast         Ice/Summ       #.......     100%        4    #####..
 Ozocubu's Armour         Chrm/Ice       #.......     100%        3    ####...
 Spider Form              Tmut/Pois      #.........   100%        3    ####...
 Throw Icicle             Conj/Ice       #.......     100%        4    #####..
 Conjure Ball Lightning   Conj/Air       #.........   100%        6    #######
 Tornado                  Air            #.........   100%        9    #######
 Poisonous Vapours        Pois/Air       #.....       98%         2    ###....


Dungeon Overview and Level Annotations

Branches:
Dungeon (10/15)            Temple (1/1) D:6
   Lair: D:8-11         Orc: D:9-12

Altars:
Ashenzari
Cheibriados
Dithmenos
Elyvilon
Fedhas
Gozag
Hepliaklqana
Kikubaaqudgha
Makhleb
Nemelex Xobeh
Okawaru
Qazlal
Ru
Sif Muna
Trog
Uskayaw
Vehumet
Wu Jian
Xom
Yredelemnul
Zin
The Shining One

Shops:
D:4 [   D:6 %

Portals:
Trove: D:10 (give 15 potions of curing)

Annotations:
D:10 Sonja


Innate Abilities, Weirdness & Mutations

You have a pair of small horns on your head.
You are partially covered in molten scales. (AC +2)
A weak demonic guardian rushes to your aid.
You are completely covered in sharp spines.


Message History

Press: ? - help, Dir - move target cursor, f/p - white very ugly thing
Aim: a white very ugly thing (lightly wounded)
You reach to attack!
You closely miss the white very ugly thing.
The white very ugly thing is lightly wounded.
You puncture the white very ugly thing! You headbutt the white very ugly thing.
The white very ugly thing is lightly wounded.
The white very ugly thing headbutts you!
The white very ugly thing freezes you!!!
Unknown command.
You fade into invisibility!
The white very ugly thing is struck by your spines.
The white very ugly thing headbutts you!
The white very ugly thing freezes you!!
* * * LOW HITPOINT WARNING * * *
You are very lightly contaminated with residual magic.
The white very ugly thing basks in your mutagenic energy and changes!
The brown very ugly thing is struck by your spines.
The brown very ugly thing trunk-slaps you.
You die...

###
#@#
#u#
#.#
#.####
#....#
#### #
≈ # #
.# ..#
#


You could see a brown very ugly thing.

Vanquished Creatures
  A two-headed ogre (D:9)
  The ghost of Aviak the Covered, a novice DDFi of Makhleb (D:7)
  Pikel (D:6)
  Joseph (D:10)
  A hornet (D:10)
  A raiju (shapeshifter) (Abyss:1)
  Prince Ribbit (D:9)
  A hippogriff (D:7)
  A ynoxinul (Abyss:1)
  4 yaks (D:4)
  A hungry ghost (D:9)
  Menkaure (D:5)
  A hornet zombie (D:7)
  2 sky beasts
  3 ice beasts (D:5)
  2 necrophages
  5 ogres
  3 centaurs
  Blork the orc (D:4)
  6 bullfrogs
  A wyvern zombie (D:6)
  A water moccasin zombie (D:5)
  2 scorpions
  A water moccasin skeleton (D:8)
  10 killer bees
  8 wights
  2 electric eels (D:9)
  2 howler monkeys
  8 crimson imps
  A centaur zombie (D:5)
  2 jellies
  4 orc priests
  5 hounds
  Crazy Yiuf (D:5)
  3 bullfrog skeletons
  A bullfrog zombie (D:9)
  5 orc wizards
  2 centaur skeletons
  Ijyb (D:4)
  An iguana (D:8)
  7 worker ants
  A hound zombie (D:9)
  2 hound skeletons
  A worker ant zombie (D:6)
  A howler monkey zombie (D:9)
  7 gnolls
  6 adders
  5 shadow imps
  7 white imps (Abyss:1)
  An ufetubus (Abyss:1)
  2 oozes (D:1)
  2 adder skeletons
  2 worms
  A dart slug (D:4)
  4 leopard geckos
  14 orcs
  16 bats
  5 giant cockroaches
  2 goblins
  8 hobgoblins
  8 jackals
  9 kobolds
  4 quokkas
  2 ball pythons
  10 frilled lizards
  2 jackal skeletons (D:6)
  A leopard gecko skeleton (D:4)
  A leopard gecko zombie (D:5)
  A quokka skeleton (D:4)
  10 rats
241 creatures vanquished.

Vanquished Creatures (collateral kills)
  A hippogriff (D:10)
  Eustachio (D:6)
  Edmund (D:4)
  A sky beast (D:5)
  A bullfrog (D:7)
  A killer bee (D:7)
  A quasit (Abyss:1)
  An orc wizard (D:5)
  3 orcs
11 creatures vanquished.

Vanquished Creatures (others)
  A large abomination (Abyss:1)
  2 wights (D:6)
  4 starspawn tentacles (Abyss:1)
  4 toadstools (D:1)
11 creatures vanquished.

Grand Total: 263 creatures vanquished

Notes
Turn   | Place    | Note
-------+----------+-------------------------------------------
     0 | D:1      | riteheju the Demonspawn Gladiator began the quest for the Orb.
     0 | D:1      | Reached XP level 1. HP: 16/16 MP: 1/1
   177 | D:1      | Gained mutation: You are partially covered in molten scales. (AC +2) [demonic ancestry]
   177 | D:1      | Reached XP level 2. HP: 22/22 MP: 2/2
   214 | D:1      | Reached skill level 3 in Polearms
   355 | D:1      | Gained mutation: You are partially covered in sharp spines. [demonic ancestry]
   355 | D:1      | Reached XP level 3. HP: 27/27 MP: 3/3
  1174 | D:2      | Found an iron altar of Okawaru.
  1183 | D:2      | Found a bloodstained altar of Trog.
  1191 | D:2      | Found a glowing golden altar of the Shining One.
  1226 | D:2      | Gained mutation: A weak demonic guardian rushes to your aid. [demonic ancestry]
  1226 | D:2      | Reached XP level 4. HP: 33/33 MP: 4/4
  1240 | D:2      | Found a shimmering altar of Xom.
  1912 | D:3      | Reached skill level 1 in Stealth
  1915 | D:3      | Reached skill level 4 in Polearms
  2085 | D:3      | Reached XP level 5. HP: 16/39 MP: 5/5
  2465 | D:3      | Noticed an ogre
  2469 | D:3      | Killed an ogre
  2765 | D:4      | Found Daecek's Antique Armour Emporium.
  2819 | D:4      | Noticed Blork the orc
  2898 | D:3      | HP: 2/58 [poisoned by Blork the orc]
  2904 | D:3      | HP: 2/58 [poisoned by Blork the orc]
  2910 | D:3      | HP: 2/58 [poisoned by Blork the orc]
  3343 | D:4      | Noticed Ijyb
  3368 | D:4      | Killed Ijyb
  3376 | D:4      | Noticed Edmund
  3407 | D:4      | Killed Edmund
  3407 | D:4      | Reached skill level 5 in Polearms
  3407 | D:4      | Reached skill level 1 in Armour
  3407 | D:4      | Reached XP level 6. HP: 42/46 MP: 4/6
  3601 | D:4      | Found a snail-covered altar of Cheibriados.
  3636 | D:4      | Killed Blork the orc
  4028 | D:4      | Noticed a yak
  4032 | D:4      | Noticed a yak
  4043 | D:4      | Noticed a yak
  4046 | D:4      | Noticed a yak
  4047 | D:4      | Killed a yak
  4047 | D:4      | Gained mutation: You are mostly covered in sharp spines. [demonic ancestry]
  4047 | D:4      | Reached XP level 7. HP: 52/52 MP: 7/7
  4080 | D:4      | Killed a yak
  4080 | D:4      | Reached skill level 6 in Polearms
  4136 | D:4      | Killed a yak
  4183 | D:4      | Killed a yak
  4633 | D:5      | Entered Level 5 of the Dungeon
  4736 | D:5      | Found a sacrificial altar of Ru.
  4765 | D:5      | Reached XP level 8. HP: 58/60 MP: 8/8
  5054 | D:5      | Reached skill level 7 in Polearms
  5549 | D:5      | Found a runed door.
  5608 | D:5      | Noticed Menkaure
  5612 | D:5      | Killed Menkaure
  5652 | D:5      | Reached skill level 8 in Polearms
  6113 | D:6      | Reached XP level 9. HP: 67/67 MP: 9/9
  6166 | D:6      | Found Kocucz Gooh's Food Boutique.
  6254 | D:6      | Reached skill level 5 in Fighting
  6395 | D:6      | Found a staircase to the Ecumenical Temple.
  6428 | D:6      | Noticed Pikel
  6454 | D:6      | Killed Pikel
  6454 | D:6      | Reached skill level 9 in Polearms
  6454 | D:6      | Reached skill level 5 in Dodging
  6454 | D:6      | Reached skill level 5 in Stealth
  6663 | D:6      | Noticed Eustachio
  6683 | D:6      | Killed Eustachio
  7190 | D:7      | Noticed Aviak's ghost (novice DDFi)
  7217 | D:7      | Found a runed door.
  7259 | D:7      | Reached skill level 10 in Polearms
  7408 | D:7      | Gained mutation: You are completely covered in sharp spines. [demonic ancestry]
  7408 | D:7      | Reached XP level 10. HP: 42/74 MP: 10/10
  7644 | D:7      | Found a radiant altar of Vehumet.
  8152 | Temple   | Entered the Ecumenical Temple
  8476 | D:5      | Noticed Crazy Yiuf
  8480 | D:5      | Killed Crazy Yiuf
  8636 | D:8      | Found a burning altar of Makhleb.
  8744 | D:8      | Found a shimmering altar of Xom.
  8821 | D:8      | Found a white marble altar of Elyvilon.
  9306 | D:9      | Reached skill level 11 in Polearms
  9337 | D:9      | Noticed Prince Ribbit
  9345 | D:9      | Killed Prince Ribbit
  9366 | D:9      | Noticed a two-headed ogre
  9379 | D:9      | Killed a two-headed ogre
 10237 | D:10     | Entered Level 10 of the Dungeon
 10384 | D:10     | Found a portal to a secret trove of treasure.
 10513 | D:10     | Noticed Joseph
 10527 | D:10     | Killed Joseph
 10527 | D:10     | Reached skill level 12 in Polearms
 10800 | D:10     | Identified the Grimoire of Toxic Feathers
 11000 | D:7      | Killed Aviak's ghost
 11000 | D:7      | Gained mutation: You have a pair of small horns on your head. [demonic ancestry]
 11000 | D:7      | Reached XP level 11. HP: 44/81 MP: 6/11
 11310 | D:10     | Noticed Sonja
 11338 | D:10     | Cast into level 1 of the Abyss (Sonja)
 11384 | Abyss:1  | Reached skill level 1 in Shields
 11474 | Abyss:1  | Noticed a wretched star
 11606 | Abyss:1  | Noticed a tentacled monstrosity
 11615 | Abyss:1  | Noticed a large abomination
 11624 | Abyss:1  | Noticed an eidolon
 11627 | Abyss:1  | Noticed a tentacled starspawn
 11650 | Abyss:1  | Killed a large abomination
 11961 | Abyss:1  | Noticed a white very ugly thing
 11977 | Abyss:1  | Slain by a brown very ugly thing

Vault maps used:
D:1:      ldierk_walled_garden_2
D:2:      grunt_temple_overflow_open, overflow_temple_1_default,
          minmay_statues_item
D:3:      serial_park_tiny_pond
D:4:      kennysheep_slug_shrine, first_ration, serial_shops,
          nicolae_shop_waterfront, uniq_edmund, uniq_ijyb, uniq_blork_the_orc
D:5:      nicolae_ru_sacrificial_ziggurat, minmay_misc_feat_alley,
          uniq_menkaure, uniq_crazy_yiuf_cottage
D:6:      minmay_temple_entry_from_below_a, serial_shops, shop,
          kennysheep_windowed_goal, uniq_pikel, uniq_eustachio
D:7:      cheibrodos_quashed, nicolae_overflow_crystal_walls,
          hellmonk_ghost_happy_afterlife, grunt_ogre_cave
D:8:      lemuel_round_altar, bloody_makhleb, basic_altar
D:9:      minivault_25, kennysheep_dice, uniq_prince_ribbit1
D:10:     nicolae_trove_entry_diagonal, due_unseen_surprise, uniq_sonja,
          uniq_joseph
Temple:   nicolae_temple_figure_eight

Skill      XL: |  1  2  3  4  5  6  7  8  9 10 11 |
---------------+----------------------------------+-----
Polearms       | 3 4 5 6 8 10 12 | 12.3
Dodging        | 3 4 5 6 |  6.7
Stealth        | 1 2 3 4 5 |  5.1
Armour         | 1 2 3 |  3.3
Fighting       | 3 4 5 |  5.8
Shields        | 1 |  1.1
Throwing       | |  1.7

Action                   |  1- 3 |  4- 6 |  7- 9 | 10-12 || total
-------------------------+-------+-------+-------+-------++-------
Melee: Trident           |   131 |   129 |   256 |   300 ||   816
       Headbutt          |       |       |       |     8 ||     8
  Use: Potion            |       |     4 |       |     6 ||    10
       Scroll            |       |     4 |     7 |     6 ||    17
 Stab: Sleeping          |     2 |     1 |     5 |     7 ||    15
       Distracted        |       |     1 |     6 |     1 ||     8
  Eat: Chunk             |     1 |     6 |    10 |     6 ||    23
       Ration            |       |     1 |       |     4 ||     5
Armor: Leather armour    |    30 |       |       |       ||    30
       Ring mail         |    20 |    37 |    52 |    12 ||   121
       Chain mail        |       |       |       |    47 ||    47
Dodge: Dodged            |    64 |    44 |   106 |    95 ||   309
Block: Buckler           |       |       |       |    31 ||    31

Table legend:
 A = Spawn XP
 B = Non-spawn XP
 C = Spawn XP percentage of total XP
 D = Spawn monster count
 E = Non-spawn monster count
 F = Spawn count percentage of total count
 G = Total turns spent on level
                    A         B        C        D         E        F      G
               +---------+---------+-------+---------+---------+-------+---------
         Total |     715 |   11869 |   5.7 |       5 |     250 |   2.0 | 11977
               +---------+---------+-------+---------+---------+-------+---------
           D:1 |       0 |      55 |   0.0 |       0 |      30 |   0.0 |   822
           D:2 |       0 |      69 |   0.0 |       0 |      26 |   0.0 |  1025
           D:3 |       0 |     152 |   0.0 |       0 |      17 |   0.0 |  1292
           D:4 |       0 |    1060 |   0.0 |       0 |      23 |   0.0 |  1494
           D:5 |       0 |    1381 |   0.0 |       0 |      35 |   0.0 |  1397
           D:6 |       0 |    1868 |   0.0 |       0 |      26 |   0.0 |  1281
           D:7 |       0 |    2135 |   0.0 |       0 |      28 |   0.0 |  1335
           D:8 |       0 |     554 |   0.0 |       0 |      11 |   0.0 |   714
           D:9 |       0 |    2675 |   0.0 |       0 |      31 |   0.0 |  1043
          D:10 |       0 |    1799 |   0.0 |       0 |      15 |   0.0 |   735
       Abyss:1 |     715 |     121 |  85.5 |       5 |       8 |  38.5 |   639
               +---------+---------+-------+---------+---------+-------+---------
